 Dungeon Crawl Stone Soup version 0.31-a0-348-g810772c3d7 (webtiles) character file.

Game seed: 2278847474199282281

45 MrRokkomies the Trooper (level 3, -18/30 HPs)
             Began as a Demonspawn Monk on July 23, 2023.
             Was a Priest of Kikubaaqudgha.
             Demolished by Crazy Yiuf
             ... wielding a +2 quarterstaff of chaos
              (19 damage)
             ... on level 2 of the Dungeon.
             The game lasted 00:04:13 (1308 turns).

MrRokkomies the Trooper (Demonspawn Monk)           Turns: 1308, Time: 00:04:17

Health: -18/30     AC:  2    Str: 11    XL:     3   Next: 42%
Magic:  3/3        EV: 13    Int: 19    God:    Kikubaaqudgha [***...]
Gold:   65         SH:  0    Dex: 15    Spells: 2/2 levels left

rFire   . .          .
                       - Unarmed
rCold   . . .        c - orb {light}
rNeg    . . .        a - +0 robe
rPois   .            (helmet restricted)
rElec   .            (no cloak)
rCorr   .            (no gloves)
SInv    .            (no boots)
Will    .....        (no amulet)
Stlth   +            g - +6 ring of intelligence
HPRegen 0.25/turn    (no ring)
MPRegen 0.16/turn

%: no passive effects
@: confused, glowing
A: horns 1, magic regeneration
a: Renounce Religion, Unearth Wretches


You were on level 2 of the Dungeon.
You worshipped Kikubaaqudgha.
Kikubaaqudgha was most pleased with you.
You visited 1 branch of the dungeon, and saw 2 of its levels.

You collected 65 gold pieces.

Inventory:

Missiles
 i - 2 poisoned darts (quivered)
Armour
 a - a +0 robe (worn)
 c - an orb of light (worn)
 j - a +2 helmet
Jewellery
 g - a +6 ring of intelligence (left hand)
Scrolls
 e - a scroll of identify {unknown}
 k - a scroll of teleportation {unknown}
 l - a scroll of amnesia {unknown}
Potions
 b - a potion of ambrosia
 d - 7 potions of curing {unknown}
 f - a potion of might {unknown}
 h - a potion of heal wounds {unknown}


   Skills:
 * Level 3.6 Fighting
 + Level 3.0 Dodging
 * Level 3.3 Unarmed Combat


You had 2 spell levels left.
You didn't know any spells.
Your spell library contained the following spells:

 Spells                   Type           Power      Damage    Failure   Level
 Kiss of Death            Conj/Necr      0%         2d5       21%         1
 Necrotise                Necr           0%         1d4       21%         1
 Sublimation of Blood     Necr           0%         N/A       30%         2
 Vampiric Draining        Necr           0%         2d6       52%         3
 Anguish                  Hex/Necr       0%         N/A       90%         4
 Dispel Undead            Necr           0%         3d6       90%         4
 Borgnjor's Vile Clutch   Necr/Erth      0%         N/A       99%         5
 Simulacrum               Ice/Necr       0%         N/A       100%        6


Dungeon Overview and Level Annotations

Branches:
Dungeon (2/15)

Altars:
Kikubaaqudgha

Annotations:
D:2 Crazy Yiuf


Innate Abilities, Weirdness & Mutations

You have a pair of small horns on your head.
You regenerate magic rapidly.


Message History

The ball python hisses angrily.
You hit the ball python. Your headbutt misses the ball python.
The ball python is moderately wounded.
The ball python closely misses you. The ball python misses you.
You hit the ball python.
The ball python is heavily wounded.
The ball python completely misses you. The ball python closely misses you.
You hit the ball python.
You kill the ball python!
Kikubaaqudgha accepts your kill.
No target in view!
You see here 2 boomerangs.
You see here a rat skeleton.
You now have 65 gold pieces (gained 2).
You see here a +0 hammer.
Found six hammers.
Found a runed translucent door.
You see here a +0 hammer.
Found a hammer.
You see here a +0 hammer.
You see here a +0 hammer.
Found three hammers.
You see here a +0 hammer.
Okay, then.
You open the door.
Crazy Yiuf zaps a wand.
The puff of flame hits you!
Throw: 3 darts (poison)
Press: ? - help, Q - select action, (/) - cycle Shift-Dir - straight line, f - Crazy Yiuf
Aim: Crazy Yiuf, wielding a +2 quarterstaff of chaos, wearing a +0 cloak and carrying a wand of flame (haloed, 80% to hit)
You throw a poisoned dart. The poisoned dart hits Crazy Yiuf.
Crazy Yiuf is poisoned.
You hit Crazy Yiuf. You headbutt Crazy Yiuf.
Crazy Yiuf is moderately wounded.
Crazy Yiuf hits you with a +2 quarterstaff of chaos!
You are confused.
You bump into the stone wall.
Crazy Yiuf hits you with a +2 quarterstaff of chaos!
* * * LOW HITPOINT WARNING * * *
You are electrocuted!!
Ouch! That really hurt!
You die...
Kikubaaqudgha rasps: "You have failed me!
Welcome... death!" #....#### ##..## 7P..P7 # ######### 7).P77 ####.......# 77)77 .....#####.# 7)77 .##### #.# 77)7 .# #.# 7)77 .#########.# 77@7

...........#
#g#
####...###.#
)()
....###....#
#)))# ##.##
##.#.# #).)#
#.## ##..#
##### #.#
#..# ..##
##.## ##.##
##.##


You could see Crazy Yiuf (poisoned).

Vanquished Creatures
  A worm (D:2)
  A dart slug (D:2)
  5 ball pythons
  A bat (D:1)
  4 endoplasms
  2 giant cockroaches (D:2)
  2 hobgoblins
  2 jackals (D:1)
  6 kobolds
  3 frilled lizards
  4 goblins
  5 rats
36 creatures vanquished.

Notes
Turn   | Place    | Note
-------+----------+-------------------------------------------
     0 | D:1      | MrRokkomies the Demonspawn Monk began the quest for the
                  | Orb.
     0 | D:1      | Reached XP level 1. HP: 18/18 MP: 1/1
   113 | D:1      | Gained mutation: You regenerate magic rapidly. [demonic
                  | ancestry]
   113 | D:1      | Reached XP level 2. HP: 8/24 MP: 2/2
   810 | D:2      | Gained mutation: You have a pair of small horns on your
                  | head. [demonic ancestry]
   810 | D:2      | Reached XP level 3. HP: 29/29 MP: 3/3
   905 | D:2      | Found a faded altar of an unknown god.
   918 | D:2      | Prayed at the altar of an unknown god.
   918 | D:2      | Became a worshipper of Kikubaaqudgha
   918 | D:2      | Reached * piety under Kikubaaqudgha
   918 | D:2      | Received a gift from Kikubaaqudgha
   918 | D:2      | Reached ** piety under Kikubaaqudgha
  1024 | D:2      | Reached *** piety under Kikubaaqudgha
  1024 | D:2      | Received a gift from Kikubaaqudgha
  1301 | D:2      | Found a runed translucent door.
  1302 | D:2      | Noticed Crazy Yiuf
  1308 | D:2      | HP: 1/30 [Crazy Yiuf/+2 quarterstaff of chaos (10)]
  1308 | D:2      | Demolished by Crazy Yiuf

Illustrated notes

Levels and vault maps discovered:
D:1:      mrwooster_arrival_statue, layout_basic
D:2:      layout_loops_ring, shapermc_ecumenical_altar_acropolis,
          nicolae_underground_beach, uniq_crazy_yiuf_cottage

Skill      XL: |  1  2  3 |
---------------+----------+-----
Unarmed Combat | 3 |  3.3
Dodging        | 3 |  3.0
Fighting       | |  3.6

Action                     || total
---------------------------++-------
  Melee: Unarmed           ||   123
         Headbutt          ||     6
  Throw: Dart              ||     1
 Armour: Robe              ||    17
  Dodge: Dodged            ||    59

Table legend: (Time is in decaauts)
 A = Elapsed time spent in this place.
 B = Non-inter-level travel time spent in this place.
 C = Inter-level travel time spent in this place.
 D = Time resting spent in this place.
 E = Time spent auto-exploring this place.
 F = Levels seen in this place.
 G = Mean time per level.
                   A        B        C        D        E       F      G
               +--------+--------+--------+--------+--------+-----+--------+
         Total |   1301 |   1289 |     12 |      2 |   1021 |   2 |  650.5 |
       Dungeon |   1301 |   1289 |     12 |      2 |   1021 |   2 |  650.5 |
               +--------+--------+--------+--------+--------+-----+--------+

Top non-repeatable levels by time:
     D:2: 681 daAuts
     D:1: 620 daAuts
